 Dungeon Crawl Stone Soup version 0.29.1-15-g9cfb28693d (webtiles) character file.

Game seed: 12167385918829073295

45 javelincjr the Magician (level 3, -2/25 HPs)
             Began as a Djinni Conjurer on Feb 24, 2023.
             Was an Initiate of Hepliaklqana.
             Slain by an adder (4 damage)
             ... on level 2 of the Dungeon on Feb 25, 2023.
             The game lasted 00:04:24 (1652 turns).

javelincjr the Magician (Djinni Conjurer)           Turns: 1652, Time: 00:04:24

Health: -2/25      AC:  2    Str:  8    XL:     3   Next: 90%
Gold:   87         EV: 12    Int: 19    God:    Hepliaklqana [......] SH:  0 Dex: 11

rFire   + + .      SeeInvis .   (no weapon)
rCold   x . .      Faith    .   (no shield)
rNeg    . . .      Spirit   .   a - +0 robe
rPois   ∞          Reflect  .   (helmet restricted)
rElec   .          Harm     .   (no cloak)
rCorr   .          Rampage  .   (no gloves)
Will    .....                   (boots unavailable)
Stlth   ++........              (no amulet)
HPRegen 0.08/turn               (no ring)
MPRegen 0.00/turn               (no ring)

@: flying
A: sickness immunity, fire resistance 2, cold vulnerability 1, float, innate
caster, HP casting, extra vitality 1, horns 1, devolution 1
a: Renounce Religion


You were on level 2 of the Dungeon.
You worshipped Hepliaklqana.
Hepliaklqana was noncommittal.
You visited 1 branch of the dungeon, and saw 2 of its levels.

You collected 113 gold pieces.
You spent 26 gold pieces at shops.

Inventory:

Armour
 a - a +0 robe (worn)
Scrolls
 b - a scroll of silence
 f - a scroll of summoning
 g - a scroll of vulnerability {unknown}
 i - 2 scrolls of magic mapping {unknown}
Potions
 d - 2 potions of curing {unknown}
 e - a potion of attraction {unknown}
 h - a potion of invisibility {unknown}


   Skills:
 + Level 3.0 Dodging
 + Level 2.3 Stealth
 + Level 3.6 Spellcasting


You couldn't memorise any spells.
You knew the following spells:

 Your Spells              Type           Power      Damage    Failure   Level
a - Magic Dart            Conj           68%        1d6       3%          1
b - Searing Ray           Conj           34%        2d5       4%          2
c - Dazzling Flash        Conj/Hex       34%        N/A       10%         3
d - Fulminant Prism       Conj/Hex       8%         3d7       32%         4
e - Iskenderun's Mystic   Conj/Tloc      17%        2d5       32%         4
f - Sandblast             Erth           34%        2d9       3%          1
Your spell library was empty.

Dungeon Overview and Level Annotations

Branches:
Dungeon (2/15)

Altars:
Hepliaklqana

Shops:
D:2 ?


Innate Abilities, Weirdness & Mutations

You are immune to sickness and miasma.
You are immune to poison.
Your flesh is very heat resistant. (rF++)
You are vulnerable to cold. (rC-)
You float through the air rather than walking.
You learn spells naturally, not from books.
Your magical power is your life essence.
You have superior vitality. (+4 MHP)
You have a pair of small horns on your head.
You have hidden genetic defects.


Message History

Confirm with . or Enter, or press ? or * to list all spells.
The spell is quite dangerous to miscast (10% risk of failure)!
Continue anyway?
Casting: Dazzling Flash (quite dangerous; 10% risk of failure)
Press: ? - help, Dir - look around, f - activate The gnoll is dazzled.
The gnoll barely misses you.
Casting: Dazzling Flash (quite dangerous; 10% risk of failure)
Confirm with . or Enter, or press ? or * to list all spells.
The spell is quite dangerous to miscast (10% risk of failure)!
Continue anyway?
Casting: Dazzling Flash (quite dangerous; 10% risk of failure)
Press: ? - help, Dir - look around, f - activate
Okay, then.
There is an open door here.
Found a dagger.
Casting: Dazzling Flash (quite dangerous; 10% risk of failure)
Confirm with . or Enter, or press ? or * to list all spells.
Aiming: Searing Ray (safe; 4% risk of failure)
Press: ? - help, Shift-Dir - straight line, f - gnoll
Aim: a gnoll, wielding a +0 spear (blind, 81% to hit)
The searing ray misses the gnoll. x2 (Press . to maintain the ray.)
The endoplasm quivers.
The gnoll closely misses you.
The searing ray hits the gnoll!
You kill the gnoll!
The searing ray hits the gnoll!
The gnoll is almost dead.
The gnoll is no longer blind.
Your Dodging skill increases to level 3!
The searing ray misses the gnoll.
The endoplasm hits you but does no damage.
The gnoll attacks as you move away! The gnoll hits you with a +0 club!
* * * LOW HITPOINT WARNING * * *
Casting: Searing Ray (safe; 4% risk of failure)
Confirm with . or Enter, or press ? or * to list all spells.
Okay, then.
It was a potion of mutation.
You feel extremely strange. A pair of horns grows on your head!
You feel a hidden malignance growing inside you.
The adder closely misses you. The gnoll misses you. The adder bites you.
You die...

#.......# #...........:##.
.##.......# #...........##.
........^.# #...........##.
..........####.......<...##.
............................
.........g####.............)
......###g####..............
...........g.#..............
..........S@.#.......##.....
.......>..J..'.......# .....
.............###.....# ....
............ ....... ....
............. ####
##.........##. #.......).#
.. .........# ##


You could see 3 gnolls, an adder and an endoplasm.

Vanquished Creatures
  A gnoll (D:2)
  3 dart slugs (D:1)
  2 endoplasms (D:1)
  2 giant cockroaches
  2 hobgoblins
  3 jackals (D:1)
  A kobold (D:1)
  A quokka (D:1)
  A ball python (D:1)
  4 bats
  4 goblins
  3 rats (D:1)
27 creatures vanquished.

Notes
Turn   | Place    | Note
-------+----------+-------------------------------------------
     0 | D:1      | javelincjr the Djinni Conjurer began the quest for the Orb.
     0 | D:1      | javelincjr set off with the following spells memorised:
                  | Magic Dart, Searing Ray, Dazzling Flash, Fulminant Prism,
                  | Iskenderun's Mystic Blast.
     0 | D:1      | Reached XP level 1. HP: 15/15 MP: 0/0
   231 | D:1      | Reached XP level 2. HP: 16/21 MP: 0/0
   755 | D:1      | Found a faded altar of an unknown god.
   783 | D:1      | Reached XP level 3. HP: 23/25 MP: 0/0
   783 | D:1      | Learned a level 1 spell: Sandblast
  1337 | D:2      | Found a hazy altar of Hepliaklqana.
  1348 | D:2      | Became a worshipper of Hepliaklqana the Forgotten
  1534 | D:2      | Found Itaje's Magic Scroll Emporium.
  1537 | D:2      | Bought a scroll of identify for 26 gold pieces
  1651 | D:2      | HP: 1/25 [gnoll/+0 club (7)]
  1652 | D:2      | Gained mutation: You have a pair of small horns on your
                  | head. [potion of mutation]
  1652 | D:2      | Gained mutation: You have hidden genetic defects. [potion
                  | of mutation]
  1652 | D:2      | Slain by an adder

Illustrated notes

Levels and vault maps discovered:
D:1:      amcnicky_arrival_underground_garden, layout_loops_ring,
          ebering_ecumenical_altar_abandoned, minmay_misc_feat_enclosed
D:2:      layout_basic, serial_shops, nicolae_shop_trees, basic_altar,
          uniq_terence, uniq_robin

Skill      XL: |  1  2  3 |
---------------+----------+-----
Stealth        | 2 |  2.3
Dodging        | 3 |  3.0
Spellcasting   | |  3.6

Action                   || total
-------------------------++-------
 Cast: Magic Dart        ||    66
       Dazzling Flash    ||     1
       Searing Ray       ||     1
  Use: Scroll            ||     2
       Potion            ||     1
Armor: Robe              ||     1
Dodge: Dodged            ||    10
